 Dungeon Crawl Stone Soup version 0.31-a0-853-gc9b61b78f7 (webtiles) character file.

Game seed: 12981193282290022840

137 CrazyBamboolord the Gusty (level 5, -4/29 HPs)
             Began as a Tengu Air Elementalist on Oct 8, 2023.
             Slain by Sigmund
             ... wielding a +0 scythe
              (7 damage)
             ... on level 3 of the Dungeon.
             The game lasted 00:06:52 (2401 turns).

CrazyBamboolord the Gusty (Tengu Air Elementalist)  Turns: 2401, Time: 00:06:53

Health: -4/29      AC:  2    Str:  9    XL:     5   Next: 20%
Magic:  2/10       EV: 12    Int: 17    God:
Gold:   82         SH:  5    Dex: 14    Spells: 3/9 levels left

rFire   . . .        f - +4 dagger (drain)
rCold   . . .        (no shield)
rNeg    + . .        l - +0 animal skin
rPois   .            (helmet restricted)
rElec   .            (no cloak)
rCorr   .            (no gloves)
SInv    .            (boots unavailable)
Will    .....        d - amulet of reflection
Stlth   ++           g - ring of positive energy
HPRegen 0.24/turn    (no ring)
MPRegen 0.12/turn

%: reflection, acrobat
@: no status effects
A: beak, talons 3, acrobatic
a: no special abilities


You were on level 3 of the Dungeon.
You visited 1 branch of the dungeon, and saw 3 of its levels.

You collected 82 gold pieces.

Inventory:

Hand Weapons
 f - a +4 dagger of draining (weapon)
 k - a +0 whip of holy wrath
Armour
 l - a +0 animal skin (worn)
Jewellery
 d - an amulet of reflection (around neck)
 g - a ring of positive energy (left hand)
Scrolls
 a - a scroll of teleportation {unknown}
 c - a scroll of vulnerability
 e - a scroll of enchant armour {unknown}
 h - a scroll of silence {unknown}
 j - a scroll of noise {unknown}
Potions
 b - a potion of magic
 i - a potion of might


   Skills:
 + Level 1.4 Fighting
 + Level 2.7 Dodging
 + Level 2.4 Stealth
 * Level 2.8 Spellcasting
 * Level 3.3 Conjurations
 * Level 4.9 Air Magic


You had 3 spell levels left.
You knew the following spells:

 Your Spells              Type           Power      Damage    Failure   Level
a - Shock                 Conj/Air       64%        1d7       3%          1
b - Static Discharge      Conj/Air       32%        2-4/arc   4%          2
c - Swiftness             Air            19%        N/A       7%          3

Your spell library contained the following spells:

 Spells                   Type           Power      Damage    Failure   Level
 Airstrike                Air            9%         2d(2-18)  22%         4


Dungeon Overview and Level Annotations

Branches:
Dungeon (3/15)

Altars:

Shops:
D:1 ?

Annotations:
D:3 Sigmund


Innate Abilities, Weirdness & Mutations

You have a beak for a mouth.
You have claws for feet.
You can magically evade attacks while moving or waiting.


Message History

The endoplasm is almost dead.
The zap hits the endoplasm.
You kill the endoplasm!
You can't see any susceptible monsters within range! (Use Z to cast anyway.)
You can't see any susceptible monsters within range! (Use Z to cast anyway.) Sigmund the Dreaded comes into view.
He is wielding a +0 scythe.
Sigmund is nearby!
Sigmund is nearby!
The helpless Sigmund fails to defend himself.
You puncture Sigmund! You drain Sigmund. Your kick misses Sigmund.
Sigmund is heavily wounded.
Sigmund casts a spell.
Sigmund flickers and vanishes!
Deactivating autopickup; reactivate with Ctrl-A.
Casting: Shock (safe; 3% risk of failure)
Confirm with . or Enter, or press ? or * to list all spells.
Something is struck by an arc of lightning.
You are struck by an arc of lightning.
The lightning grounds out.
Something hits you!
Casting: Static Discharge (safe; 4% risk of failure)
Confirm with . or Enter, or press ? or * to list all spells.
Something is struck by an arc of lightning.
You are struck by an arc of lightning.
The lightning grounds out.
Casting: Static Discharge (safe; 4% risk of failure)
Confirm with . or Enter, or press ? or * to list all spells.
Something is struck by an arc of lightning.
You are struck by an arc of lightning.
Something is struck by an arc of lightning.
The lightning grounds out.
Something hits you!
* * * LOW HITPOINT WARNING * * *
Casting: Static Discharge (safe; 4% risk of failure)
Confirm with . or Enter, or press ? or * to list all spells.
Something is struck by an arc of lightning.
You are struck by an arc of lightning.
* * * LOW HITPOINT WARNING * * *
Something is struck by an arc of lightning.
You are struck by an arc of lightning.
* * * LOW HITPOINT WARNING * * *
The lightning grounds out.
Something hits you!
You die...

## ##{##
##.#@#######
##.#.........
#....##.####.
#..##..##
#.#..#.#####.#
##.#.###......#
......#.#####.####
.................#
##.#....#####.##.#


There were no monsters in sight!

Vanquished Creatures
  Jessica (D:2)
  Terence (D:2)
  Robin (D:2)
  2 dart slugs (D:1)
  10 endoplasms
  2 giant cockroaches
  8 goblins (D:2)
  9 hobgoblins
  8 jackals
  4 quokkas
  4 ball pythons
  5 bats
  3 kobolds
  3 rats
61 creatures vanquished.

Notes
Turn   | Place    | Note
-------+----------+-------------------------------------------
     0 | D:1      | CrazyBamboolord the Tengu Air Elementalist began the quest
                  | for the Orb.
     0 | D:1      | Reached XP level 1. HP: 10/10 MP: 4/4
   143 | D:1      | Found Eneenusk's Magic Scroll Shop.
   221 | D:1      | Reached XP level 2. HP: 15/15 MP: 3/6
   411 | D:1      | Learned a level 2 spell: Static Discharge
   535 | D:1      | Reached XP level 3. HP: 20/20 MP: 2/7
   620 | D:1      | Learned a level 3 spell: Swiftness
  1034 | D:2      | Noticed Terence
  1109 | D:2      | Noticed Jessica
  1282 | D:2      | Killed Jessica
  1283 | D:2      | Reached skill level 1 in Fighting
  1283 | D:2      | Reached XP level 4. HP: 25/25 MP: 3/8
  1435 | D:2      | Noticed Robin
  1447 | D:2      | Killed Robin
  1665 | D:2      | You fall into a shaft and drop 1 floor!
  1752 | D:2      | Killed Terence
  1753 | D:2      | Reached XP level 5. HP: 12/29 MP: 0/10
  2395 | D:3      | Noticed Sigmund
  2401 | D:3      | Slain by Sigmund

Illustrated notes

Levels and vault maps discovered:
D:1:      mainiacjoe_arrival_reflecting_pool, layout_basic, serial_shops,
          nicolae_shop_stone
D:2:      layout_rooms, uniq_jessica, uniq_robin, uniq_terence
D:3:      layout_loops_ring, mainiacjoe_overflow_surrounded_room,
          gammafunk_ghost_stat_death, uniq_sigmund

Skill      XL: |  1  2  3  4 |
---------------+-------------+-----
Conjurations   | 2 3 |  3.3
Fighting       | 1 |  1.4
Dodging        | |  2.7
Stealth        | |  2.4
Spellcasting   | |  2.8
Air Magic      | |  4.9

Action                     |  1- 3 |  4- 6 || total
---------------------------+-------+-------++-------
  Melee: Unarmed           |    45 |       ||    45
         Kick              |    13 |     2 ||    15
         Peck              |     6 |     1 ||     7
         Dagger            |       |     9 ||     9
   Cast: Shock             |    62 |    53 ||   115
         Static Discharge  |     5 |     8 ||    13
    Use: Scroll            |       |     4 ||     4
   Stab: Sleeping          |       |     1 ||     1
 Armour: Robe              |    29 |     6 ||    35
         Animal skin       |       |     5 ||     5
  Dodge: Dodged            |    60 |    11 ||    71
  Block: Other             |    17 |     6 ||    23
         Reflection        |     1 |     1 ||     2

Table legend: (Time is in decaauts)
 A = Elapsed time spent in this place.
 B = Non-inter-level travel time spent in this place.
 C = Inter-level travel time spent in this place.
 D = Time resting spent in this place.
 E = Time spent auto-exploring this place.
 F = Levels seen in this place.
 G = Mean time per level.
                   A        B        C        D        E       F      G
               +--------+--------+--------+--------+--------+-----+--------+
         Total |   2403 |   2265 |    138 |    226 |   1637 |   3 |  801.0 |
       Dungeon |   2403 |   2265 |    138 |    226 |   1637 |   3 |  801.0 |
               +--------+--------+--------+--------+--------+-----+--------+

Top non-repeatable levels by time:
     D:1: 1141 daAuts
     D:2: 1101 daAuts
     D:3: 161 daAuts
